 Dungeon Crawl Stone Soup version 0.21-a0-348-ga060c75 (webtiles) character file.

173 saturnerianis the Conjurer (level 5, -1/21 HPs)
             Began as a Felid Conjurer on Oct 6, 2017.
             Slain by a hound (3 damage)
             ... on level 4 of the Dungeon.
             The game lasted 00:08:39 (3516 turns).

saturnerianis the Conjurer (Felid Conjurer)         Turns: 3516, Time: 00:08:39

Health: -1/21      AC:  1    Str:  4    XL:     5   Next: 28%
Magic:  9/10       EV: 18    Int: 17    God:
Gold:   148        SH:  0    Dex: 17    Spells: 0/10 levels left
                                        Lives:  0   Deaths: 1

rFire    . . .     SeeInvis +   (weapon unavailable)
rCold    . . .     Gourm    .   (shield unavailable)
rNeg     . . .     Faith    .   (armour unavailable)
rPois    .         Spirit   .   (helmet unavailable)
rElec    .         Reflect  .   (cloak unavailable)
rCorr    .         Harm     .   (gloves unavailable)
MR       +....                  (boots unavailable)
Stlth    +++.......             k - amulet of magic regeneration
HPRegen  0.07/turn              v - ring of protection from magic
MPRegen  0.37/turn              (no ring)

@: quick
A: no armour, no weapons or thrown items, stealth, claws 1, fangs 3, see
invisible, carnivore 3, speed 1, shaggy fur 1, slow metabolism 1, sharp paws
a: no special abilities


You were on level 4 of the Dungeon.
You were not hungry.

You visited 1 branch of the dungeon, and saw 4 of its levels.

You collected 148 gold pieces.

Inventory:

Jewellery
 e - an uncursed ring of loudness
 k - an amulet of magic regeneration (around neck)
 v - a ring of protection from magic (left paw)
Wands
 d - a wand of acid (7/15)
 q - a wand of digging (13/24)
 r - a wand of flame (11/48)
Scrolls
 j - 2 scrolls of enchant weapon {unknown}
 l - 2 scrolls of remove curse
 m - 2 scrolls of enchant armour {unknown}
 o - 2 scrolls of recharging {unknown}
 t - 3 scrolls of identify
Potions
 c - 2 potions of haste
 f - 3 potions of agility {unknown}
 g - a potion of mutation {unknown}
 h - a potion of heal wounds {unknown}
 i - 2 potions of curing {unknown}
 p - a potion of brilliance {unknown}
 s - a potion of cancellation {unknown}
 u - a potion of might {unknown}
Books
 a - a book of Conjurations

   Spells                             Type                      Level
   a - Magic Dart                     Conjuration                  1
   b - Searing Ray                    Conjuration                  2
   c - Dazzling Spray                 Conjuration/Hexes            3
   d - Fulminant Prism                Conjuration/Hexes            4
   e - Force Lance                    Conjuration/Translocation    4
   f - Iskenderun's Mystic Blast      Conjuration                  4
Comestibles
 b - 3 meat rations
 n - 4 royal jellies


   Skills:
 - Level 2.6 Dodging
 - Level 2.6 Stealth
 + Level 3.2 Spellcasting
 - Level 6.0 Conjurations


You couldn't memorise any spells.
You knew the following spells:

 Your Spells              Type           Power        Failure   Level  Hunger
a - Magic Dart            Conj           ###.         1%          1    None
b - Searing Ray           Conj           ###...       2%          2    ##.....
c - Dazzling Spray        Conj/Hex       ##....       14%         3    ###....
d - Iskenderun's Mystic   Conj           ###.....     14%         4    ####...


Dungeon Overview and Level Annotations

Branches:
Dungeon (4/15)
 Temple: D:4-7

Altars:


Innate Abilities, Weirdness & Mutations

You cannot wear armour.
You are incapable of wielding weapons or throwing items.
Your paws allow you to move quietly. (Stealth)
You have sharp claws.
You have razor-sharp teeth.
You have supernaturally acute eyesight. (SInv)
You are carnivorous and can eat meat at any time.
You cover ground quickly.
You are covered in fur. (AC +1)
You have a slow metabolism.
Your sharp claws are effective at attacking unaware monsters.


Message History

The hound is severely wounded.
The hound closely misses you. The hound bites you.
* * * LOW HITPOINT WARNING * * *
You barely miss the hound.
The hound is severely wounded.
The hound barely misses you. The dart slug misses you.
You miss the hound.
The hound is severely wounded.
The hound completely misses you. The hound bites you.
* * * LOW HITPOINT WARNING * * *
The dart slug launches a dart at you. The slug dart misses you.
You scratch the hound.
The hound is almost dead.
The hound bites you but does no damage. The orc completely misses you.
You closely miss the hound.
The hound is almost dead.
The hound closely misses you. The dart slug closely misses you.
The hound bites you.
You die...

#################
#####
#...o@h.........#
.....
......w.####'####.#
.# #.....### ..)..
#.# .# ........
#.......#.# ##
....... #...$...#.#
# .......
#...$...#.# #
..#... #...$...#.#
# ..##..
#.......#.## # ..#
#..#


You could see a hound, a dart slug and an orc.

Vanquished Creatures
  An ogre (D:4)
  A crimson imp (D:3)
  A bullfrog zombie (D:3)
  An iguana (D:4)
  An adder (D:3)
  A worm (D:3)
  A dart slug (D:2)
  8 leopard geckos
  3 orcs (D:4)
  9 bats
  6 giant cockroaches
  2 goblins
  7 hobgoblins
  5 jackals (D:2)
  A quokka (D:3)
  A ball python (D:2)
  3 frilled lizards
  4 kobolds
  9 rats
65 creatures vanquished.

Notes
Turn   | Place    | Note
-------+----------+-------------------------------------------
     0 | D:1      | saturnerianis the Felid Conjurer began the quest for the Orb.
     0 | D:1      | Reached XP level 1. HP: 7/7 MP: 4/4
   294 | D:1      | Reached skill level 4 in Conjurations
   389 | D:1      | Reached XP level 2. HP: 11/11 MP: 0/6
   393 | D:1      | Learned a level 2 spell: Searing Ray
  1695 | D:2      | Reached XP level 3. HP: 14/14 MP: 4/7
  2137 | D:2      | Learned a level 3 spell: Dazzling Spray
  2160 | D:3      | Reached skill level 5 in Conjurations
  2758 | D:3      | Reached XP level 4. HP: 18/18 MP: 1/8
  2910 | D:3      | Reached XP level 5. HP: 21/21 MP: 7/9
  3305 | D:4      | Reached skill level 6 in Conjurations
  3364 | D:4      | HP: 1/21 [orc wizard/dagger (4)]
  3380 | D:4      | Slain by a hound
  3381 | D:4      | Reached XP level 4. HP: -3/18 MP: 8/8
  3412 | D:4      | Noticed an ogre
  3419 | D:4      | Killed an ogre
  3419 | D:4      | Reached XP level 5. HP: 21/21 MP: 3/10
  3425 | D:4      | Learned a level 4 spell: Iskenderun's Mystic Blast
  3514 | D:4      | HP: 1/21 [hound (3)]
  3516 | D:4      | Slain by a hound

Vault maps used:
D:1:      onia_arrival_larder, hangedman_decor_points
D:3:      first_bread
D:4:      nicolae_overflow_hidden_temple, kennysheep_small_square

Skill      XL: |  1  2  3  4  5 |
---------------+----------------+-----
Conjurations   | 4 5 6 |  6.0
Spellcasting   | 3 |  3.2
Dodging        | |  2.6
Stealth        | |  2.6

Action                   |  1- 3 |  4- 6 || total
-------------------------+-------+-------++-------
Melee: Unarmed           |    30 |     9 ||    39
       Bite              |     4 |       ||     4
 Cast: Magic Dart        |    80 |    34 ||   114
       Searing Ray       |     8 |     6 ||    14
       Iskenderun's Myst |       |     1 ||     1
  Use: Scroll            |     3 |       ||     3
 Stab: Sleeping          |     1 |       ||     1
  Eat: Chunk             |    12 |     2 ||    14
Armor: Skin              |     5 |     2 ||     7
Dodge: Dodged            |    48 |    23 ||    71

Table legend:
 A = Spawn XP
 B = Non-spawn XP
 C = Spawn XP percentage of total XP
 D = Spawn monster count
 E = Non-spawn monster count
 F = Spawn count percentage of total count
 G = Total turns spent on level
                    A         B        C        D         E        F      G
               +---------+---------+-------+---------+---------+-------+---------
         Total |       0 |     372 |   0.0 |       0 |      65 |   0.0 |  3516
               +---------+---------+-------+---------+---------+-------+---------
           D:1 |       0 |      33 |   0.0 |       0 |      20 |   0.0 |  1444
           D:2 |       0 |      34 |   0.0 |       0 |      18 |   0.0 |   707
           D:3 |       0 |     141 |   0.0 |       0 |      20 |   0.0 |  1146
           D:4 |       0 |     164 |   0.0 |       0 |       7 |   0.0 |   219
               +---------+---------+-------+---------+---------+-------+---------
